 Dungeon Crawl Stone Soup version 0.30.1-9-gdf580d7c3d (webtiles) character file.

Game seed: 11738429491033616354

71 lonewolfV2 the Caller (level 4, -1/24 HPs)
             Began as a Deep Elf Summoner on Sept 27, 2023.
             Slain by a nameless horror (9 damage)
             ... created by miscasting Summon Lightning Spire
             ... on level 2 of the Dungeon.
             The game lasted 00:05:48 (1563 turns).

lonewolfV2 the Caller (Deep Elf Summoner)           Turns: 1563, Time: 00:05:48

Health: -1/24      AC:  2    Str:  5    XL:     4   Next: 5%
Magic:  1/11       EV: 13    Int: 22    God:
Gold:   18         SH:  0    Dex: 15    Spells: 0/10 levels left

rFire   . . .        (no weapon)
rCold   . . .        (no shield)
rNeg    . . .        a - +0 robe
rPois   .            (no helmet)
rElec   .            (no cloak)
rCorr   .            (no gloves)
SInv    .            (no boots)
Will    .....        (no amulet)
Stlth   ++           (no ring)
HPRegen 0.24/turn    (no ring)
MPRegen 0.12/turn

%: no passive effects
@: brilliant
A: no striking features
a: no special abilities


You were on level 2 of the Dungeon.
You visited 1 branch of the dungeon, and saw 2 of its levels.

You collected 18 gold pieces.

Inventory:

Armour
 a - a +0 robe (worn)
Scrolls
 f - a scroll of identify
Potions
 b - a potion of magic
 d - 2 potions of might
 e - 2 potions of haste


   Skills:
 + Level 2.9 Dodging
 + Level 2.5 Stealth
 + Level 3.8 Spellcasting
 + Level 1.3 Hexes
 + Level 5.4 Summonings


You couldn't memorise any spells.
You knew the following spells:

 Your Spells              Type           Power      Damage    Failure   Level
a - Summon Small Mammal   Summ           100%       N/A       1%          1
b - Call Imp              Summ           84%        N/A       1%          2
c - Summon Guardian Gole  Hex/Summ       28%        N/A       9%          3
d - Summon Lightning Spi  Summ/Air       24%        N/A       36%         4

Your spell library contained the following spells:

 Spells                   Type           Power      Damage    Failure   Level
 Call Canine Familiar     Summ           42%        N/A       3%          3
 Portal Projectile        Hex/Tloc       20%        N/A       26%         3
 Stone Arrow              Conj/Erth      12%        3d7       34%         3
 Animate Armour           Summ/Erth      48%        N/A       36%         4
 Leda's Liquefaction      Hex/Erth       5%         N/A       65%         4
 Lehudib's Crystal Spear  Conj/Erth      3%         10d2      100%        8


Dungeon Overview and Level Annotations

Branches:
Dungeon (2/15)

Altars:

Shops:
D:2 [


Message History

Casting: Summon Small Mammal (safe; 1% risk of failure)
Confirm with . or Enter, or press ? or * to list all spells.
The spell is astonishingly dangerous to miscast (36% risk of failure)!
Continue anyway?
You feel a surge of power!
You miscast Summon Lightning Spire.
You are very lightly contaminated with residual magic.
Nothing appears to happen.
The nameless horror closely misses you. The nameless horror hits you!
Ouch! That really hurt!
You hit the nameless horror but do no damage.
The nameless horror closely misses you.
You hit the nameless horror.
The nameless horror is lightly damaged.
The nameless horror closely misses you.
Your magical contamination has completely faded away.
You hit the nameless horror but do no damage.
The nameless horror is lightly damaged.
The nameless horror misses you.
You hit the nameless horror but do no damage.
The nameless horror is lightly damaged.
The nameless horror hits you but does no damage.
You hit the nameless horror but do no damage.
The nameless horror is lightly damaged.
The nameless horror closely misses you.
You hit the nameless horror but do no damage.
The nameless horror is lightly damaged.
The nameless horror misses you.
Casting: Summon Lightning Spire (astonishingly dangerous; 36% risk of failure)
Confirm with . or Enter, or press ? or * to list all spells.
You feel a surge of power! The nameless horror misses you.
You hit the nameless horror but do no damage.
The nameless horror is lightly damaged.
Your quokka bites the nameless horror but does no damage.
The nameless horror hits you but does no damage.
You hit the nameless horror but do no damage.
Your quokka bites the nameless horror but does no damage.
The nameless horror hits you!
You hit the nameless horror but do no damage.
Your quokka barely misses the nameless horror.
The nameless horror hits you!
You die...

#.########## #.# #######.#
#.......# #.####### ###.#
#...######## ## #.rX........ #.
#..@######## #. ##..# #.
.#####..# #.#####. #........####
#.....<.
########....#############
#.......). #....####
#.##############..##############
#....).......###..##......#.....


You could see a nameless horror (ally target) and a friendly quokka (summoned).

Vanquished Creatures
  A bat (D:1)
1 creature vanquished.

Vanquished Creatures (collateral kills)
  3 adders (D:2)
  2 dart slugs (D:1)
  2 endoplasms
  4 giant cockroaches
  4 goblins
  3 hobgoblins (D:1)
  4 kobolds
  2 quokkas (D:1)
  3 ball pythons (D:1)
  2 bats (D:1)
  4 frilled lizards (D:1)
  2 rats
35 creatures vanquished.

Vanquished Creatures (others)
  A worm (D:2)
1 creature vanquished.

Grand Total: 37 creatures vanquished

Notes
Turn   | Place    | Note
-------+----------+-------------------------------------------
     0 | D:1      | lonewolfV2 the Deep Elf Summoner began the quest for the
                  | Orb.
     0 | D:1      | Reached XP level 1. HP: 10/10 MP: 6/6
   193 | D:1      | Reached XP level 2. HP: 15/15 MP: 5/8
   423 | D:1      | Reached skill level 5 in Summonings
   450 | D:1      | Learned a level 2 spell: Call Imp
   705 | D:1      | Reached XP level 3. HP: 17/19 MP: 5/10
   834 | D:1      | Learned a level 3 spell: Summon Guardian Golem
   971 | D:2      | Found Utwofukla's Antique Armour Shop.
  1198 | D:2      | Reached skill level 1 in Hexes
  1198 | D:2      | Reached XP level 4. HP: 23/24 MP: 4/11
  1461 | D:2      | Learned a level 4 spell: Summon Lightning Spire
  1514 | D:2      | Noticed a nameless horror
  1563 | D:2      | Slain by a nameless horror

Illustrated notes

Levels and vault maps discovered:
D:1:      minmay_arrival_shattered_statue, layout_basic
D:2:      layout_loops_ring, serial_shops, shop,
          shapermc_ecumenical_altar_mp_ritualfount, serial_park_tiny_1,
          kennysheep_generic_room_12

Skill      XL: |  1  2  3 |
---------------+----------+-----
Summonings     | 5 |  5.4
Hexes          | 1 |  1.3
Dodging        | |  2.9
Stealth        | |  2.5
Spellcasting   | |  3.8

Action                     |  1- 3 |  4- 6 || total
---------------------------+-------+-------++-------
  Melee: Unarmed           |    21 |     9 ||    30
   Cast: Summon Small Mamm |    45 |     5 ||    50
         Call Imp          |    11 |       ||    11
         Summon Guardian G |     8 |       ||     8
    Use: Scroll            |     4 |       ||     4
         Potion            |       |     1 ||     1
 Armour: Robe              |    21 |     2 ||    23
  Dodge: Dodged            |    60 |     7 ||    67
